Map: Overgrowth LE

Players

Leenock - Winner!

  • Race: Zerg Zerg
  • Spawn Location: 1:00

Trust

  • Race: Protoss Protoss
  • Spawn Location: 7:00

Event: IEM Season 11 - Gyeonggi

VOD

https://www.youtube.com/watch?v=3aY-ePIvYUE

Description

Time

  • Played on: Dec. 14, 2016, 12:44 a.m.
  • Length: 18:25

All games in this series

Show
View Real Time Build Order
Export as new Build Order

Leenock Zerg - Winner!

Build Orders: Pool First 

Get SALT Encoding   

  12  0:00  Drone  
  13  0:12  Overlord  
  13  0:17  Drone  
  14  0:31  Drone x2  
  14  0:34  Drone  
  17  0:51  Drone  
  17  0:53  Spawning Pool, Extractor  
  17  0:56  Drone  
  17  1:13  Hatchery  
  17  1:16  Drone  
  17  1:19  Drone  
  18  1:28  Drone  
  19  1:39  Drone  
  20  1:41  Queen  
  22  1:49  Overlord  
  22  1:54  Metabolic Boost  
  22  2:09  Drone  
  22  2:12  Drone  
  24  2:17  Queen  
  24  2:21  Zergling x2  
  27  2:24  Queen  
  27  2:25  Zergling x2  
  30  2:32  Overlord  
  30  2:37  Drone  
  30  2:43  Drone  
  32  2:47  Evolution Chamber  
  32  2:49  Drone x3  
  34  2:52  Drone  
  35  2:59  Drone x2  
  37  3:07  Overlord  
  37  3:11  Zergling x2  
  38  3:12  Zerg Melee Weapons Level 1  
  38  3:17  Zergling x2  
  39  3:21  Drone  
  39  3:22  Drone x3  
  43  3:36  Hatchery  
  42  3:42  Drone  
  42  3:43  Drone x4  
  42  3:46  Drone  
  48  3:49  Lair  
  48  3:55  Overlord  
  48  3:57  Drone x2  
  48  4:01  Drone  
  51  4:03  Spore Crawler  
  51  4:05  Spore Crawler  
  51  4:09  Queen  
  51  4:17  Roach Warren  
  51  4:19  Drone  
  51  4:20  Extractor  
  51  4:21  Zergling x2  
  51  4:22  Zergling x4  
  51  4:23  Zergling x2  
  54  4:24  Zergling x2  
  55  4:37  Zergling x6  
  55  4:38  Overlord, Zergling x4  
  60  4:40  Overlord  
  60  4:45  Overlord  
  60  4:59  Glial Reconstitution, Roach  
  64  5:00  Roach x4  
  64  5:01  Roach  
  64  5:03  Roach  
  64  5:06  Roach  
  76  5:09  Roach  
  76  5:11  Roach  
  76  5:13  Roach  
  81  5:28  Drone  
  81  5:33  Overlord  
  81  5:38  Drone x2  
  81  5:39  Overlord  
  81  5:42  Overlord  
  81  5:43  Zerg Melee Weapons Level 2  
  81  5:53  Zergling x18  
  81  5:54  Overlord x2  
  90  5:57  Spore Crawler  
  90  6:01  Drone  
  90  6:02  Drone x3  
  93  6:08  Ravager  
  93  6:09  Ravager  
  90  6:19  Zergling x12  
  90  6:20  Zergling x8  
  87  6:27  Zergling x2  
  87  6:31  Zergling x6  
  82  6:38  Zergling x2  
  70  6:40  Drone x2  
  70  6:41  Drone x2  
  70  6:45  Hatchery  
  70  6:50  Drone  
  70  6:52  Drone  
  70  6:53  Drone  
  73  7:01  Drone  
  73  7:02  Extractor x2  
  71  7:15  Drone  
  71  7:16  Drone x3, Extractor  
  73  7:29  Drone  
  74  7:30  Drone x2  
  74  7:31  Drone x2  
  74  7:32  Drone x2  
  79  7:38  Baneling Nest  
  79  7:40  Roach x4  
  79  7:41  Roach  
  79  7:44  Zergling x14  
  89  7:45  Hatchery  
  89  7:47  Zergling x6  
  97  7:53  Zergling x2  
  97  7:55  Zergling x4  
  100  7:59  Drone  
  101  8:10  Overlord x4  
  101  8:12  Ravager  
  101  8:13  Ravager x4  
  101  8:15  Zergling x2  
  101  8:16  Zergling x2  
  108  8:21  Overlord  
  108  8:22  Zergling x2  
  108  8:23  Centrifical Hooks, Zergling x12  
  108  8:26  Zergling x2  
  115  8:29  Zergling x2  
  115  8:33  Zergling x6  
  119  8:35  Zergling x6  
  119  8:36  Zergling x4  
  119  8:37  Baneling  
  119  8:38  Baneling x4  
  124  8:43  Drone x5  
  124  8:45  Drone  
  124  8:46  Drone  
  124  8:47  Drone x2  
  124  8:48  Drone  
  134  8:50  Infestation Pit  
  134  8:54  Zergling x4  
  135  8:56  Zergling x2  
  135  8:59  Drone  
  137  9:06  Zergling x2  
  137  9:07  Spore Crawler, Zergling x12  
  143  9:13  Spire  
  143  9:14  Zergling x10  
  147  9:20  Queen, Zergling x2  
  147  9:21  Zergling x8  
  147  9:22  Overlord  
  154  9:29  Hive, Zergling x2  
  151  9:50  Zergling x20  
  151  9:51  Zergling x4  
  163  9:56  Drone, Zergling x2  
  165  10:01  Zergling x8  
  165  10:02  Zergling x10  
  173  10:11  Extractor  
  173  10:12  Extractor  
  171  10:16  Drone  
  171  10:17  Drone x2, Extractor  
  171  10:18  Drone x2  
  171  10:20  Drone x3  
  178  10:26  Zergling x6  
  173  10:40  Greater Spire  
  173  10:42  Adrenal Glands  
  156  11:08  Corruptor x2  
  156  11:09  Corruptor x6  
  156  11:10  Zergling x2  
  156  11:11  Zergling x34  
  181  11:12  Zergling x2  
  181  11:13  Overlord x2, Zergling x2  
  181  11:15  Baneling x20  
  181  11:18  Overlord  
  177  11:23  Zergling x10  
  172  11:48  Hatchery  
  173  11:55  Brood Lord x6  
  173  11:57  Zergling x2  
  173  11:59  Zergling x2  
  183  12:02  Brood Lord  
  183  12:03  Zergling x2  
  183  12:04  Zergling x8  
  183  12:07  Zergling x2  
  191  12:08  Zergling x2  
  191  12:10  Brood Lord  
  179  12:32  Hatchery  
  179  12:37  Corruptor x2  
  179  12:38  Corruptor x2  
  184  12:59  Infestor x2  
  187  13:26  Extractor, Zergling x4  
  187  13:27  Overlord x2, Zergling x6  
  191  13:28  Hatchery  
  190  13:44  Brood Lord x4  
  192  13:59  Corruptor  
  192  14:00  Zergling x12  
  192  14:02  Zergling x6  
  199  14:22  Zergling x2  
  199  14:23  Zergling x8  
  197  14:25  Zergling x6  
  197  14:26  Zerg Melee Weapons Level 3  
  197  14:29  Corruptor x2  
  199  14:33  Zergling x2  
  196  14:51  Brood Lord  
  186  15:04  Brood Lord x2  
  186  15:05  Zergling x2  
  186  15:06  Zergling x22  
  195  15:27  Zergling x6  
  195  15:28  Zergling x4  
  200  15:46  Overseer x2  
  195  16:04  Corruptor x2  
  190  16:12  Corruptor  
  190  16:13  Corruptor x4  
  199  16:20  Corruptor  
  199  16:35  Hatchery  
  199  16:36  Hatchery  
  197  16:44  Corruptor x4  
  195  16:54  Corruptor x2  
  193  17:01  Zergling x14  
  193  17:04  Drone x2, Extractor x2  
  188  17:26  Corruptor x3  
  194  17:34  Zergling x8  
  195  17:47  Zergling x6  
Show
View Real Time Build Order
Export as new Build Order

Trust Protoss 

Build Orders: Nexus First, Oracle Opening 

Get SALT Encoding   

  12  0:00  Probe (Chrono Boost)  
  13  0:11  Probe (Chrono Boost)  
  14  0:19  Pylon  
  14  0:21  Probe (Chrono Boost)  
  15  0:37  Probe (Chrono Boost)  
  16  0:47  Probe (Chrono Boost)  
  17  1:00  Probe (Chrono Boost)  
  18  1:05  Nexus  
  18  1:11  Gateway  
  18  1:15  Probe (Chrono Boost)  
  19  1:21  Assimilator  
  19  1:25  Assimilator  
  19  1:27  Probe (Chrono Boost)  
  20  1:38  Probe (Chrono Boost)  
  21  1:42  Pylon  
  21  1:48  Probe (Chrono Boost)  
  22  1:58  Cybernetics Core  
  22  2:00  Probe (Chrono Boost)  
  23  2:02  Zealot (Chrono Boost)  
  25  2:10  Pylon  
  25  2:13  Probe (Chrono Boost)  
  26  2:18  Probe (Chrono Boost)  
  27  2:25  Probe (Chrono Boost)  
  29  2:30  Probe (Chrono Boost)  
  29  2:31  Pylon  
  29  2:35  Warp Gate (Chrono Boost)  
  29  2:36  Probe (Chrono Boost)  
  30  2:41  Adept  
  32  2:45  Probe (Chrono Boost)  
  33  2:52  Mothership Core (Chrono Boost)  
  33  2:58  Stargate  
  35  3:00  Probe (Chrono Boost)  
  36  3:10  Probe (Chrono Boost)  
  37  3:14  Probe (Chrono Boost)  
  37  3:21  Probe (Chrono Boost)  
  37  3:25  Twilight Council  
  37  3:26  Adept  
  40  3:27  Probe (Chrono Boost)  
  40  3:32  Probe (Chrono Boost)  
  42  3:39  Gateway  
  42  3:40  Gateway  
  42  3:41  Oracle (Chrono Boost)  
  45  3:49  Probe x2  
  45  3:53  Gateway  
  47  3:58  Resonating Glaives (Chrono Boost)  
  47  4:05  Assimilator  
  47  4:07  Probe x2, Pylon  
  49  4:20  Robotics Facility, Probe x2  
  51  4:32  Probe x2  
  51  4:38  Pylon  
  53  4:39  Adept x3  
  59  4:48  Pylon  
  59  4:52  Stalker  
  61  4:59  Adept x3  
  67  5:08  Warp Prism (Chrono Boost)  
  67  5:11  Pylon  
  69  5:22  Probe x2  
  69  5:26  Stalker x3  
  73  5:42  Sentry  
  75  5:45  Nexus  
  75  5:47  Probe x2  
  75  5:48  Pylon  
  77  5:51  Assimilator  
  77  5:53  Forge  
  77  5:59  Probe x2  
  77  6:03  Sentry  
  77  6:04  Sentry x2  
  85  6:22  Pylon  
  77  6:28  Immortal (Chrono Boost)  
  77  6:31  Stalker x3  
  79  6:38  Probe x2  
  75  6:49  Pylon  
  75  6:50  Probe x2  
  75  6:52  Blink  
  77  6:58  Protoss Ground Weapons Level 1 (Chrono Boost)  
  77  6:59  Zealot, Probe  
  80  7:02  Assimilator, Probe x2  
  80  7:06  Zealot, Assimilator  
  80  7:07  Adept x2  
  88  7:09  Probe, Immortal  
  93  7:24  Probe x2  
  93  7:26  Probe  
  92  7:36  Probe x2  
  94  7:39  Probe  
  94  7:41  Stalker x2, Sentry x2  
  103  7:48  Probe  
  103  7:51  Immortal  
  104  7:52  Gateway  
  104  7:54  Gateway  
  104  7:55  Gateway  
  108  8:01  Pylon  
  108  8:05  Sentry  
  108  8:06  Stalker x2  
  108  8:12  Robotics Bay  
  114  8:17  Robotics Facility  
  114  8:27  Immortal  
  114  8:29  Photon Cannon  
  118  8:47  Stalker x3  
  124  8:49  Photon Cannon, Pylon  
  124  8:51  Pylon  
  124  8:53  Photon Cannon  
  123  9:01  Adept  
  125  9:04  Pylon  
  125  9:05  Pylon  
  125  9:06  Pylon  
  125  9:11  Adept x3  
  125  9:12  Adept  
  133  9:22  Disruptor x2 (Chrono Boost)  
  139  9:41  Nexus  
  139  9:43  Stalker x3, Pylon  
  139  9:44  Stalker  
  143  9:51  Templar Archives  
  139  9:53  Disruptor (Chrono Boost)  
  139  9:58  Disruptor (Chrono Boost)  
  145  10:17  Stalker x4, Pylon  
  145  10:21  Pylon  
  153  10:38  Disruptor x2 (Chrono Boost)  
  159  10:46  Assimilator  
  146  10:51  Assimilator  
  146  10:54  Pylon  
  146  10:56  High Templar x4  
  145  10:58  Probe x2  
  145  11:01  Archon  
  145  11:02  Archon  
  144  11:22  Probe  
  144  11:24  Probe  
  146  11:31  Probe  
  147  11:33  Probe  
  147  11:36  Forge, Probe  
  149  11:41  Stalker x4, Probe  
  149  11:42  Stalker x3  
  149  11:44  Observer (Chrono Boost)  
  166  11:47  Observer (Chrono Boost)  
  161  12:09  Adept x2  
  161  12:10  Adept x5  
  161  12:12  Photon Cannon x2  
  168  12:15  Pylon  
  168  12:17  Pylon  
  167  12:23  Pylon  
  166  12:44  Fleet Beacon  
  166  12:46  Stargate  
  166  12:48  Probe  
  166  12:50  Probe  
  164  13:02  Probe  
  163  13:34  Nexus  
  163  13:38  Pylon  
  161  13:43  Pylon  
  161  13:53  Tempest (Chrono Boost)  
  166  13:57  Tempest (Chrono Boost)  
  172  14:04  Stargate  
  165  14:28  Zealot  
  165  14:30  Pylon  
  165  14:32  Tempest (Chrono Boost)  
  165  14:34  Tempest (Chrono Boost)  
  148  15:56  Tempest (Chrono Boost)  
  119  16:44  Nexus  
  111  17:33  Nexus  
  111  17:48  Templar Archives  
  109  17:52  Zealot, Sentry  

Tags
 
Add a new tag
Caveats
  • Supply blocks, unpowered buildings, or Contaminate may cause inaccurate times.
  • Supply counts are checked every 10 seconds.